 Dungeon Crawl Stone Soup version 0.29.0-4-gdea44cf6ec (webtiles) character file.

Game seed: 18188922232737983157

138 qw the Chopper (level 5, -4/30 HPs)
             Began as a Tengu Warper on Aug 28, 2022.
             Constricted to death by Ijyb (7 damage)
             ... on level 3 of the Dungeon.
             The game lasted 00:00:19 (3078 turns).

qw the Chopper (Tengu Warper)                       Turns: 3078, Time: 00:00:19

Health: -4/30      AC:  3    Str: 14    XL:     5   Next: 21%
Magic:  9/9        EV: 11    Int: 13    God:
Gold:   188        SH:  0    Dex: 13    Spells: 8/8 levels left

rFire   . . .      SeeInvis .   Y - +0 hand axe
rCold   . . .      Faith    .   (no shield)
rNeg    . . .      Spirit   .   b - +0 leather armour
rPois   .          Reflect  .   (helmet restricted)
rElec   .          Harm     .   (no cloak)
rCorr   .          Rampage  .   (no gloves)
Will    .....                   (boots unavailable)
Stlth   +.........              (no amulet)
HPRegen 0.10/turn               (no ring)
MPRegen 0.11/turn               (no ring)

@: grasped by roots, flying quickly and evasively, constricted, quick
A: beak, talons 3, nimble flight
a: no special abilities


You were on level 3 of the Dungeon.
You visited 1 branch of the dungeon, and saw 3 of its levels.

You collected 188 gold pieces.


Innate Abilities, Weirdness & Mutations

You have a beak for a mouth.
You have claws for feet.
Your magical nature lets you fly swiftly and evasively.


   Skills:
 - Level 2.0 Fighting
 + Level 5.8 Axes
 - Level 1.0 Throwing
 - Level 1.1 Armour
 - Level 2.1 Dodging
 - Level 2.0 Spellcasting
 - Level 2.4 Translocations


You had 8 spell levels left.
You didn't know any spells.
Your spell library contained the following spells:

 Spells                   Type           Power      Damage    Failure   Level
 Blink                    Tloc           14%        N/A       19%         2
 Gell's Gravitas          Tloc           7%         N/A       34%         3
 Lesser Beckoning         Tloc           7%         N/A       34%         3
 Teleport Other           Tloc           7%         N/A       34%         3
 Manifold Assault         Tloc           7%         N/A       97%         5

Inventory:

Hand Weapons
 e - a +0 whip
 Y - a +0 hand axe (weapon)
Missiles
 n - a javelin (quivered)
Armour
 b - a +0 leather armour (worn)
 i - a +0 ring mail
 l - a +0 chain mail
Scrolls
 g - 3 scrolls of identify
 h - a scroll of magic mapping {unknown}
Potions
 a - a potion of haste
 d - 2 potions of curing
 f - a potion of degeneration {unknown}
 j - a potion of lignification {unknown}
 k - a potion of invisibility {unknown}
 m - a potion of brilliance {unknown}

Dungeon Overview and Level Annotations

Branches:
Dungeon (3/15)

Altars:

Annotations:
D:3 Ijyb


Message History

The quokka misses you.
You hit the quokka.
You kill the quokka!
You see here a hobgoblin corpse.
n - a javelin You reach down and open the door.
Ijyb the Twisted Goblin comes into view.
She is wielding a +0 club and carrying a wand of roots (4).
Ijyb shouts!
You hit Ijyb. You claw Ijyb.
Ijyb is moderately wounded.
Ijyb barely misses you.
You closely miss Ijyb.
Ijyb is moderately wounded.
Ijyb zaps a wand.
The roots erupt in riotous growth!
The grasping roots grab you!
Ijyb is unaffected.
The grasping roots constrict you.
You hear a shout!
You hit Ijyb but do no damage.
Ijyb is moderately wounded.
Ijyb grins evilly.
Ijyb barely misses you. The grasping roots constrict you.
You hit Ijyb.
Ijyb is moderately wounded.
Ijyb hits you with a +0 club. The grasping roots constrict you.
The grasping roots release their grip on you.
You closely miss Ijyb. Your kick misses Ijyb.
Ijyb is moderately wounded.
Ijyb misses you.
You closely miss Ijyb. You claw Ijyb. You peck Ijyb.
Ijyb is heavily wounded.
Ijyb zaps a wand.
The roots erupt in riotous growth!
The grasping roots grab you!
Ijyb is unaffected.
The grasping roots constrict you.
You closely miss Ijyb. You claw Ijyb.
Ijyb is heavily wounded.
Ijyb hits you with a +0 club. The grasping roots constrict you.
You barely miss Ijyb. Your kick misses Ijyb.
Ijyb is heavily wounded.
Ijyb barely misses you. The grasping roots constrict you!
You die...

...# .#
#.#.###.#.#......... ...
#.#%# #.............
....#.#.# #.#...........
....#.#.###.#....#######
.........## #....#
....#....# #....# ##
#....# #....# #....#
#..@.# ###g## #.# #..
###


You could see Ijyb.

Vanquished Creatures
  Terence (D:3)
  Robin (D:3)
  An adder (D:2)
  2 worms (D:2)
  3 dart slugs
  3 bats
  7 endoplasms
  2 giant cockroaches
  17 goblins
  13 hobgoblins
  3 jackals (D:2)
  3 kobolds
  6 quokkas
  5 ball pythons
  4 frilled lizards
71 creatures vanquished.

Notes
Turn   | Place    | Note
-------+----------+-------------------------------------------
     0 | D:1      | qw the Tengu Warper began the quest for the Orb.
     0 | D:1      | Reached XP level 1. HP: 12/12 MP: 4/4
     0 | D:1      | 0 ||| qw: Version: 0.1-a-89-g26bdef1
     0 | D:1      | 0 ||| qw: Game counter: 1553
     0 | D:1      | 0 ||| qw: Always use a shield: true
     0 | D:1      | 0 ||| qw: God list: Okawaru
     0 | D:1      | 0 ||| qw: Allow faded altars: false
     0 | D:1      | 0 ||| qw: Do Orc after D:15 true
     0 | D:1      | 0 ||| qw: Do second Lair branch before Depths: true
     0 | D:1      | 0 ||| qw: Lair rune preference: random
     0 | D:1      | 0 ||| qw: Plans: Normal
     0 | D:1      | 0 ||| PLANNING D:1-11
   155 | D:1      | Reached XP level 2. HP: 17/17 MP: 6/6
   171 | D:1      | Reached skill level 3 in Axes
   244 | D:1      | 244 ||| Stepping ~*~*~tactically~*~*~ (hiding).
   346 | D:1      | 346 ||| Stepping ~*~*~tactically~*~*~ (hiding).
   630 | D:1      | Reached XP level 3. HP: 17/21 MP: 7/7
   886 | D:1      | Reached skill level 4 in Axes
  1002 | D:1      | 1002 ||| READING scroll labelled HAIHIEJ HARULI.
  1003 | D:1      | 1003 ||| READING scroll labelled ULLOANAMYI.
  1004 | D:1      | 1004 ||| READING scroll labelled HEYWNUYQAEN.
  1005 | D:1      | 1005 ||| DROPPING scroll of blinking.
  1323 | D:2      | 1323 ||| FLEEEEING.
  1324 | D:2      | 1324 ||| FLEEEEING.
  1325 | D:2      | 1325 ||| FLEEEEING.
  1326 | D:2      | 1326 ||| FLEEEEING.
  1327 | D:2      | 1327 ||| FLEEEEING.
  1328 | D:2      | 1328 ||| FLEEEEING.
  1329 | D:2      | 1329 ||| FLEEEEING.
  1330 | D:2      | 1330 ||| FLEEEEING.
  1331 | D:2      | 1331 ||| FLEEEEING.
  1332 | D:2      | 1332 ||| FLEEEEING.
  1333 | D:2      | 1333 ||| FLEEEEING.
  1463 | D:2      | Found a faded altar of an unknown god.
  1497 | D:2      | 1497 ||| Stepping ~*~*~tactically~*~*~ (stealth).
  1498 | D:2      | 1498 ||| Stepping ~*~*~tactically~*~*~ (stealth).
  1506 | D:2      | 1506 ||| Stepping ~*~*~tactically~*~*~ (stealth).
  1532 | D:2      | Reached XP level 4. HP: 26/26 MP: 8/8
  1935 | D:2      | 1935 ||| DRINKING 2 bubbling yellow potions.
  1936 | D:2      | 1936 ||| DRINKING 3 clear potions.
  1937 | D:2      | 1937 ||| DRINKING 2 grey potions.
  1938 | D:2      | 1938 ||| READING 2 scrolls of identify.
  1938 | D:2      | 1938 ||| IDENTIFYING viscous amethyst potion
  1939 | D:2      | 1939 ||| DROPPING potion of magic.
  2087 | D:3      | 2087 ||| Stepping ~*~*~tactically~*~*~ (stealth).
  2088 | D:3      | 2088 ||| Stepping ~*~*~tactically~*~*~ (stealth).
  2168 | D:3      | Noticed Terence
  2179 | D:3      | Killed Terence
  2180 | D:3      | Reached skill level 5 in Axes
  2493 | D:3      | 2493 ||| Stepping ~*~*~tactically~*~*~ (hiding).
  2613 | D:3      | 2613 ||| Stepping ~*~*~tactically~*~*~ (stealth).
  2615 | D:3      | 2615 ||| Stepping ~*~*~tactically~*~*~ (stealth).
  2617 | D:3      | 2617 ||| Stepping ~*~*~tactically~*~*~ (stealth).
  2649 | D:3      | 2649 ||| Stepping ~*~*~tactically~*~*~ (stealth).
  2693 | D:3      | Noticed Robin
  2701 | D:3      | HP: 4/26 [hobgoblin[Robin] (5)]
  2702 | D:3      | 2702 ||| DRINKING potion of heal wounds.
  2705 | D:3      | Gained mutation: Your magical nature lets you fly swiftly
                  | and evasively. [Tengu growth]
  2705 | D:3      | Reached XP level 5. HP: 17/30 MP: 9/9
  2709 | D:3      | HP: 7/30 [goblin/+0 club[Robin] (3)]
  2710 | D:3      | Killed Robin
  2730 | D:3      | 2730 ||| FLEEEEING.
  2992 | D:3      | 2992 ||| Stepping ~*~*~tactically~*~*~ (stealth).
  3047 | D:3      | 3047 ||| Stepping ~*~*~tactically~*~*~ (stealth).
  3070 | D:3      | Noticed Ijyb
  3077 | D:3      | HP: 7/30 [Ijyb/+0 club (6)]
  3077 | D:3      | HP: 3/30 [constriction (4)]
  3078 | D:3      | Constricted to death by Ijyb

Levels and vault maps discovered:
D:1:      dpeg_arrival_rhombus, layout_rooms
D:2:      layout_basic, hellmonk_ecumenical_altar_arch_garden
D:3:      kennysheep_the_goblin_king, layout_basic, grunt_decor_arrowhead,
          minmay_misc_feat_chi, uniq_ijyb, uniq_terence, uniq_robin

Skill      XL: |  1  2  3  4 |
---------------+-------------+-----
Axes           | 3 4 5 |  5.8
Fighting       | |  2.0
Throwing       | |  1.0
Armour         | |  1.1
Dodging        | |  2.1
Spellcasting   | |  2.0
Translocations | |  2.4

Action                   |  1- 3 |  4- 6 || total
-------------------------+-------+-------++-------
Melee: Hand axe          |    79 |    81 ||   160
       Kick              |    12 |    26 ||    38
       Peck              |     8 |    14 ||    22
       Punch             |     1 |     1 ||     2
Throw: Boomerang         |     7 |       ||     7
       Javelin           |    13 |    11 ||    24
  Use: Scroll            |     3 |     1 ||     4
       Potion            |       |     4 ||     4
Armor: Leather armour    |    21 |    13 ||    34
Dodge: Dodged            |    49 |    41 ||    90

Table legend:
 A = Non-vault XP
 B = Vault XP
 C = Vault XP percentage of total XP
 D = Non-vault monster count
 E = Vault monster count
 F = Vault count percentage of total count
                 A         B        C        D         E       F
            +---------+---------+-------+---------+---------+-------
      Total |     116 |      82 |  41.4 |      52 |      19 |  26.8
            +---------+---------+-------+---------+---------+-------
        D:1 |      45 |       0 |   0.0 |      23 |       0 |   0.0
        D:2 |      48 |       0 |   0.0 |      16 |       0 |   0.0
        D:3 |      23 |      82 |  78.1 |      13 |      19 |  59.4
            +---------+---------+-------+---------+---------+-------
